 Dungeon Crawl Stone Soup version 0.30.1-11-g7821555f0a (webtiles) character file.

Game seed: 6935820781096674445

2879 Gumption the Spear-Bearer (level 9, -9/69 HPs)
             Began as a Merfolk Gladiator on Nov 16, 2023.
             Was a Priest of Wu Jian.
             Killed from afar by a gargoyle (18 damage)
             ... with a stone arrow
             ... on level 6 of the Dungeon.
             The game lasted 01:32:38 (8775 turns).

Gumption the Spear-Bearer (Merfolk Gladiator)       Turns: 8775, Time: 01:32:39

Health: -9/69      AC: 10    Str: 19    XL:     9   Next: 76%
Magic:  9/9        EV: 15    Int:  7    God:    Wu Jian [***...]
Gold:   522        SH:  0    Dex: 18    Spells: 8/8 levels left

rFire   . . .        a - +1 trident
rCold   . . .        (no shield)
rNeg    . . .        s - +0 ring mail "Kuasyc" {rCorr Str+3}
rPois   .            c - +0 helmet
rElec   .            B - +0 cloak
rCorr   +            l - +1 pair of gloves
SInv    .            (no boots)
Will    .....        (no amulet)
Stlth   +            (no ring)
HPRegen 0.31/turn    (no ring)
MPRegen 0.11/turn

%: no passive effects
@: exhausted
A: (nimble swimmer 2), mertail
a: Renounce Religion, Wall Jump, Serpent's Lash


You were on level 6 of the Dungeon.
You worshipped Wu Jian.
Wu Jian was most pleased with you.
You visited 2 branches of the dungeon, and saw 8 of its levels.

You collected 522 gold pieces.

Inventory:

Hand Weapons
 a - a +1 trident (weapon)
Missiles
 d - 5 throwing nets
 e - 6 javelins (quivered)
 f - 56 stones
 x - 24 poisoned darts
 G - 3 boomerangs
Armour
 c - a +0 helmet (worn)
 l - a +1 pair of gloves (worn)
 o - a +0 scale mail
 s - the +0 ring mail "Kuasyc" (worn) {rCorr Str+3}
   (You found it on level 3 of the Dungeon)

   Str:       It affects your strength (+3).
   rCorr:     It protects you from acid and corrosion.
 B - a +0 cloak (worn)
 D - a +0 chain mail
Magical Staves
 r - a staff of air
 z - a staff of poison
Jewellery
 A - a +4 ring of protection
 F - a ring of ice
Wands
 y - a wand of flame (26)
Scrolls
 i - a scroll of noise {unknown}
 j - a scroll of enchant weapon
 m - a scroll of blinking
 p - a scroll of amnesia {unknown}
 t - a scroll of enchant armour
 u - 2 scrolls of magic mapping {unknown}
 v - a scroll of torment {unknown}
 w - a scroll of poison {unknown}
 C - a scroll of brand weapon {unknown}
Potions
 b - a potion of attraction {unknown}
 g - 5 potions of curing
 h - a potion of lignification {unknown}
 k - 3 potions of might
 n - a potion of brilliance {unknown}
 q - 3 potions of mutation
 E - 2 potions of heal wounds {unknown}


   Skills:
 + Level 6.1 Fighting
 * Level 10.4 Polearms
 - Level 5.0 Throwing
 * Level 4.8 Armour
 + Level 7.8 Dodging


You had 8 spell levels left.
You didn't know any spells.
Your spell library contained the following spells:

 Spells                   Type           Power      Damage    Failure   Level
 Slow                     Hex            0%         N/A       61%         1
 Blink                    Tloc           0%         N/A       75%         2
 Ensorcelled Hibernation  Hex/Ice        0%         N/A       75%         2
 Lesser Beckoning         Tloc           0%         N/A       75%         2
 Momentum Strike          Conj/Tloc      0%         3d8       75%         2
 Confusing Touch          Hex            0%         N/A       93%         3
 Spider Form              Tmut/Pois      0%         N/A       93%         3
 Vampiric Draining        Necr           0%         2d6       93%         3
 Anguish                  Hex/Necr       0%         N/A       100%        4
 Animate Armour           Summ/Erth      0%         N/A       100%        4
 Animate Dead             Necr           0%         N/A       100%        4
 Blade Hands              Tmut           0%         N/A       100%        5
 Iron Shot                Conj/Erth      0%         9d1       100%        6
 Haunt                    Necr/Summ      0%         N/A       100%        7
 Infestation              Necr           0%         N/A       100%        8


Dungeon Overview and Level Annotations

Branches:
Dungeon (7/15)             Temple (1/1) D:6

Altars:
Dithmenos
Elyvilon
Fedhas
Gozag
Hepliaklqana
Kikubaaqudgha
Nemelex Xobeh
Trog
Uskayaw
Vehumet
Wu Jian
Xom
Yredelemnul
The Shining One

Shops:
D:6 (

Annotations:
D:5 3 runed translucent doors, kalagan's ghost, novice DECj; vvlvvlvvl's ghost, novice BaFi


Innate Abilities, Weirdness & Mutations

((You are very nimble when in or above water. (Stealth+, EV+, Speed+++)))
Your lower body shifts to a powerful aquatic tail in water.


Message History

There is a stone staircase leading down here.
You climb downwards.
There is a stone staircase leading up, spattered with blood here.
Items here: )) [[.
You hit the gargoyle but do no damage.
The gargoyle hurls a stone arrow at you.
The stone arrow misses you.
You hit the gargoyle but do no damage.
The gargoyle hurls a stone arrow at you.
The stone arrow hits you!!
Aiming: Wall Jump
Press: ? - help, Dir - move target You repeatedly attack the gargoyle from above.
You hit the gargoyle but do no damage. You barely miss the gargoyle.
The gargoyle hurls a stone arrow at you.
The stone arrow hits you!!
The gargoyle hits you but does no damage.
An ice beast comes into view.
Your muscles tense, ready for explosive movement...
You spin and attack the gargoyle, with incredible momentum.
You hit the gargoyle but do no damage.
You spin and attack the gargoyle repeatedly, with incredible momentum.
You hit the gargoyle but do no damage. x2; Your supernatural speed expires.
You spin and attack the gargoyle.
You hit the gargoyle but do no damage. The gargoyle barely misses you.
Items here: )) [[.
There is a stone staircase leading up, spattered with blood here.
The gargoyle hits you with a +0 mace!
* * * LOW HITPOINT WARNING * * *
You climb upwards.
There is a stone staircase leading down here.
Okay, then.
The gargoyle hurls a stone arrow at you.
The stone arrow hits you!
* * * LOW HITPOINT WARNING * * *
The gargoyle hurls a stone arrow at you.
The stone arrow misses you.
The gargoyle hurls a stone arrow at you.
The stone arrow hits you!!
You die...

#..#......###.....##
#...............#..#
###............###....
##.....................
#...9..#...............
#...#..###..##.........
####..###...#..........
#..#.#.......#......
##)@.........##.....
##..#.........##...
##.#.....#....#...
##...........##..
#.........####...
##......### ##..
#####..# ### ####


You could see a gargoyle.

Vanquished Creatures
  A water moccasin (D:6)
  Duvessa (D:7)
  2 black bears
  A sky beast (D:6)
  2 ogres
  3 centaurs
  Blork the orc (D:6)
  A kobold brigand (D:7)
  4 bullfrogs
  Dowan (D:7)
  4 howler monkeys
  6 hounds
  2 jellies (D:6)
  3 orc priests (D:6)
  2 gnoll boudas
  2 sleepcaps (D:7)
  7 iguanas
  8 orc wizards
  29 gnolls
  5 adders
  A shadow imp (D:5)
  A white imp (D:7)
  An ufetubus (D:6)
  2 worms
  2 dart slugs (D:3)
  50 orcs
  7 bats
  8 endoplasms
  2 giant cockroaches (D:1)
  12 goblins
  15 hobgoblins
  12 jackals (D:4)
  10 kobolds
  4 quokkas
  6 ball pythons
  5 frilled lizards
  5 rats
228 creatures vanquished.

Notes
Turn   | Place    | Note
-------+----------+-------------------------------------------
     0 | D:1      | Gumption the Merfolk Gladiator began the quest for the Orb.
     0 | D:1      | Reached XP level 1. HP: 16/16 MP: 1/1
   207 | D:1      | Reached XP level 2. HP: 22/23 MP: 2/2
   625 | D:1      | Reached XP level 3. HP: 28/28 MP: 3/3
  1156 | D:2      | Reached skill level 5 in Polearms
  1386 | D:2      | Reached XP level 4. HP: 26/34 MP: 4/4
  1669 | D:3      | Found a faded altar of an unknown god.
  1753 | D:3      | Reached XP level 5. HP: 41/41 MP: 5/5
  1939 | D:3      | Identified the +0 ring mail "Kuasyc" {rCorr Str+3}
  2038 | D:3      | Reached skill level 5 in Dodging
  2197 | D:3      | Found an ornate altar of the Wu Jian Council.
  2204 | D:3      | Became a worshipper of the Wu Jian Council
  2222 | D:3      | Found a white marble altar of Elyvilon.
  2229 | D:3      | Reached skill level 6 in Polearms
  2457 | D:4      | Reached XP level 6. HP: 47/47 MP: 6/6
  2667 | D:4      | Reached * piety under Wu Jian
  2761 | D:4      | Reached skill level 1 in Armour
  2907 | D:4      | Reached XP level 7. HP: 53/53 MP: 7/7
  3061 | D:4      | Reached skill level 7 in Polearms
  3159 | D:4      | Reached ** piety under Wu Jian
  4255 | D:4      | Reached XP level 8. HP: 5/61 MP: 8/8
  4530 | D:5      | Entered Level 5 of the Dungeon
  4679 | D:5      | Reached skill level 8 in Polearms
  5229 | D:5      | Found a radiant altar of Vehumet.
  5231 | D:5      | Found a basalt altar of Yredelemnul.
  5262 | D:5      | Found an ancient bone altar of Kikubaaqudgha.
  5262 | D:5      | Found a shimmering altar of Xom.
  5660 | D:5      | Found a bloodstained altar of Trog.
  5674 | D:5      | Found a runed translucent gate.
  5674 | D:5      | Found a runed translucent gate.
  5674 | D:5      | Found a runed translucent gate.
  5675 | D:5      | Noticed vvlvvlvvl's ghost (novice BaFi)
  5676 | D:5      | Noticed kalagan's ghost (novice DECj)
  5848 | D:5      | Reached skill level 5 in Fighting
  5848 | D:5      | Reached *** piety under Wu Jian
  6115 | D:6      | Noticed Blork the orc
  6131 | D:6      | Killed Blork the orc
  6262 | D:6      | Reached skill level 9 in Polearms
  6284 | D:6      | Reached XP level 9. HP: 67/68 MP: 9/9
  6548 | D:6      | Found Vigroat's Weapon Emporium.
  6649 | D:6      | Reached skill level 5 in Throwing
  6920 | D:6      | Found a staircase to the Ecumenical Temple.
  6996 | Temple   | Entered the Ecumenical Temple
  7326 | D:7      | Noticed Duvessa
  7683 | D:7      | Noticed Dowan
  7779 | D:7      | Killed Duvessa
  7781 | D:7      | Killed Dowan
  7952 | D:7      | Reached skill level 10 in Polearms
  8007 | D:7      | Noticed a gargoyle
  8382 | D:7      | Found a blossoming altar of Fedhas.
  8455 | D:7      | Noticed a komodo dragon
  8775 | D:6      | Killed from afar by a gargoyle

Illustrated notes

Levels and vault maps discovered:
D:1:      dpeg_arrival_pond, layout_basic, st_stairs_3
D:2:      layout_basic
D:3:      layout_rooms, nzn_wu_jian_council_hall,
          mainiacjoe_overflow_cross_hatched, ebering_ecumenical_altar_webs
D:4:      lemuel_castle_with_subvaults [lemuel_castle_interior_carwin_1],
          layout_loops_cross
D:5:      layout_basic, nicolae_overflow_hidden_temple,
          gammafunk_ghost_cemetery, minmay_misc_feat_iff
D:6:      layout_cave_pools, temple_doors_cd, serial_shops, shop,
          uniq_blork_the_orc
D:7:      cheibrodos_fzero, layout_basic, ashenzari_altar_1, fedhas_altar_1,
          nicolae_fountain_basement, uniq_duvessa
Temple:   hellmonk_temple_beads

Skill      XL: |  1  2  3  4  5  6  7  8  9 |
---------------+----------------------------+-----
Polearms       | 5 6 7 9 10 | 10.4
Fighting       | 3 4 5 6 |  6.1
Throwing       | 3 4 5 |  5.0
Dodging        | 5 6 7 |  7.8
Armour         | 1 2 3 4 |  4.8

Action                     |  1- 3 |  4- 6 |  7- 9 || total
---------------------------+-------+-------+-------++-------
  Melee: Trident           |   102 |   199 |   450 ||   751
         Punch             |     2 |     1 |     1 ||     4
         Tailslap          |       |     3 |     1 ||     4
  Throw: Stone             |     2 |       |       ||     2
         Throwing net      |       |     1 |     1 ||     2
         Boomerang         |       |    25 |    47 ||    72
         Javelin           |       |       |    22 ||    22
 Invoke: Serpent's Lash    |       |       |     8 ||     8
Ability: Lunge             |       |     6 |    11 ||    17
         Whirlwind         |       |     3 |    19 ||    22
         Wall Jump         |       |       |     9 ||     9
  Evoke: Wand              |       |       |     1 ||     1
    Use: Scroll            |       |     2 |     7 ||     9
   Stab: Sleeping          |     1 |       |       ||     1
 Armour: Leather armour    |     4 |       |       ||     4
         Ring mail         |     9 |    23 |   131 ||   163
         Scale mail        |    12 |    21 |       ||    33
  Dodge: Dodged            |    49 |    96 |   254 ||   399
